 Dungeon Crawl Stone Soup version 0.21-a0-179-gd2bfb5f (webtiles) character file.

700 4thArraOfDagon the Twirler (level 7, -2/59 HPs)
             Began as a Demigod Gladiator on Aug 10, 2017.
             Killed from afar by sergedm's ghost (29 damage)
             ... with an orb of energy
             ... on level 5 of the Dungeon.
             The game lasted 00:07:23 (2839 turns).

4thArraOfDagon the Twirler (Demigod Gladiator)      Turns: 2839, Time: 00:07:24

Health: -2/59      AC:  6    Str: 17    XL:     7   Next: 15%
Magic:  9/9        EV: 13    Int: 16    God:
Gold:   322        SH:  0    Dex: 17    Spells: 6/6 levels left

rFire    . . .     SeeInvis .   a - +0 quarterstaff
rCold    . . .     Gourm    .   (shield currently unavailable)
rNeg     . . .     Faith    .   v - +0 ring mail
rPois    .         Spirit   .   c - +0 helmet
rElec    .         Reflect  .   (no cloak)
rCorr    .         Harm     .   (no gloves)
MR       .....                  (no boots)
Stlth    ++........             (no amulet)
HPRegen  0.19/turn              w - ring of stealth
MPRegen  0.11/turn              (no ring)

@: no status effects
A: high mp 1
a: no special abilities


You were on level 5 of the Dungeon.
You were not hungry.

You visited 1 branch of the dungeon, and saw 5 of its levels.
You also visited: Sewer.

You collected 322 gold pieces.

Inventory:

Hand Weapons
 a - a +0 quarterstaff (weapon)
Missiles
 d - 4 throwing nets (quivered)
Armour
 b - a +0 leather armour
 c - a +0 helmet (worn)
 q - a +0 plate armour
 v - a +0 ring mail (worn)
Jewellery
 w - a ring of stealth (left hand)
Scrolls
 g - 3 scrolls of blinking {unknown}
 i - 5 scrolls of remove curse {unknown}
 j - 2 scrolls of teleportation {unknown}
 m - a scroll of immolation {unknown}
 n - 2 scrolls of magic mapping {unknown}
 o - 2 scrolls of enchant weapon {unknown}
 u - a scroll of amnesia {unknown}
 x - a scroll of fear {unknown}
Potions
 e - 2 potions of resistance
 k - 2 potions of cancellation {unknown}
 l - a potion of magic {unknown}
 p - a potion of agility
 r - a potion of heal wounds
 s - 2 potions of curing
 z - a potion of lignification
Comestibles
 f - 3 bread rations
 h - a royal jelly
 t - 2 meat rations


   Skills:
 + Level 4.0 Fighting
 * Level 6.0 Staves
 - Level 1.7 Throwing
 + Level 4.3 Dodging


You had 6 spell levels left.
You didn't know any spells.

Dungeon Overview and Level Annotations

Branches:
Dungeon (5/15)
 Temple: D:4-7

Shops:
D:4 %

Annotations:
D:4 Edmund
D:5 sergedm's ghost, novice DECj


Innate Abilities, Weirdness & Mutations

You have an increased reservoir of magic. (+10% MP)


Message History

You see here a jackal corpse.
Sergedm's ghost points at you and mumbles some strange words.
The spray of energy hits you!
You are confused.
Unknown command.
Sergedm's ghost closely misses you.
You bump into the rock wall.
Sergedm's ghost casts a spell at you. The orb of energy misses you.
The orb of energy explodes!
You bump into the rock wall.
Sergedm's ghost barely misses you.
You feel less confused.
Sergedm's ghost gestures at you while chanting.
The orb of energy hits you!
The orb of energy explodes!
Unknown command.
Unknown command.
There is a stone staircase leading down here.
Unknown command.
Sergedm's ghost points at you and mumbles some strange words.
The orb of energy hits you!
You die...

## #.. ###.##
#.....
#.#.#...##########
.........<......@#
#...###......#W###
#..# #....#.#.#
#..# #....#.#.#
###.###....#.#†#
..#...#......#.#
#.#.#.#......#.#
#.#.#........#.#
#.#...(....#.#.#


You could see sergedm's ghost.

Vanquished Creatures
  A sky beast (D:5)
  A crocodile (Sewer)
  2 scorpions (D:5)
  An orc priest (D:5)
  An orc wizard (D:4)
  A centaur skeleton (D:4)
  An iguana (D:5)
  A bullfrog skeleton (D:4)
  Natasha (D:4)
  2 worker ants (D:5)
  A worker ant zombie (D:5)
  3 gnolls (D:3)
  5 adders
  A river rat (D:3)
  2 oozes
  A worm (D:3)
  2 dart slugs
  3 leopard geckos
  16 orcs
  9 bats
  6 giant cockroaches
  5 goblins
  6 hobgoblins
  9 jackals
  2 quokkas
  A ball python (D:3)
  2 frilled lizards (D:2)
  7 kobolds
  11 rats
104 creatures vanquished.

Notes
Turn   | Place    | Note
-------+----------+-------------------------------------------
     0 | D:1      | 4thArraOfDagon the Demigod Gladiator began the quest for the Orb.
     0 | D:1      | Reached XP level 1. HP: 17/17 MP: 3/3
    25 | D:1      | Reached skill level 3 in Staves
    38 | D:1      | Reached XP level 2. HP: 16/24 MP: 4/4
   611 | D:1      | Reached XP level 3. HP: 23/29 MP: 5/5
   850 | D:2      | Found a burning altar of Makhleb.
   850 | D:2      | Found a shimmering altar of Xom.
   850 | D:2      | Found a shattered altar of Ashenzari.
   850 | D:2      | Found a blossoming altar of Fedhas.
  1575 | D:3      | Found a glowing drain.
  1617 | Sewer    | Entered a sewer
  1633 | Sewer    | Reached skill level 4 in Staves
  1640 | Sewer    | Reached XP level 4. HP: 29/37 MP: 6/6
  1662 | Sewer    | Noticed a crocodile
  1702 | Sewer    | Killed a crocodile
  1797 | D:3      | Reached XP level 5. HP: 31/44 MP: 7/7
  2085 | D:4      | Reached skill level 5 in Staves
  2090 | D:4      | Noticed Edmund
  2204 | D:4      | Found Cudonair's Food Shoppe.
  2261 | D:4      | Noticed Natasha
  2278 | D:5      | Entered Level 5 of the Dungeon
  2280 | D:5      | Reached XP level 6. HP: 30/51 MP: 8/8
  2390 | D:5      | Found a sparkling altar of Nemelex Xobeh.
  2763 | D:4      | Killed Natasha
  2763 | D:4      | Reached XP level 7. HP: 56/58 MP: 9/9
  2788 | D:5      | Reached skill level 6 in Staves
  2791 | D:5      | Noticed sergedm's ghost (novice DECj)
  2839 | D:5      | Killed from afar by sergedm's ghost

Vault maps used:
D:1:      lightli_arrival_maybe_door_vault, serial_glass, glass_columns_a,
          glass_columns_a
D:2:      chequers_temple_overflow_statue_of_worship
D:3:      marbit_many_paths, portal_sewer_entry_c
D:4:      serial_shops, kennysheep_mini_moat, uniq_edmund, uniq_pikel,
          uniq_natasha
D:5:      first_bread, nemelex_altar_shiori
Sewer:    sewer_big_baddie

Skill      XL: |  1  2  3  4  5  6  7 |
---------------+----------------------+-----
Staves         | 3 4 5 6 |  6.0
Fighting       | 2 3 4 |  4.0
Dodging        | 3 4 |  4.3
Throwing       | |  1.7

Action                   |  1- 3 |  4- 6 |  7- 9 || total
-------------------------+-------+-------+-------++-------
Melee: Quarterstaff      |   151 |   154 |    12 ||   317
  Use: Scroll            |       |     6 |       ||     6
       Potion            |       |     2 |       ||     2
 Stab: Sleeping          |     3 |     1 |       ||     4
  Eat: Chunk             |     2 |       |       ||     2
       Meat ration       |     1 |       |       ||     1
Armor: Leather armour    |    62 |    15 |       ||    77
       Ring mail         |       |    18 |     4 ||    22
Dodge: Dodged            |   138 |    85 |     7 ||   230
